 Dungeon Crawl Stone Soup version 0.26-a0-1222-g14533b3512 (webtiles) character file.

Game seed: 18446305876767780703

60 teolandon225 the Sneak (level 3, -2/17 HPs)
             Began as a Spriggan Enchanter on Jan 1, 2021.
             Killed from afar by a dart slug (5 damage)
             ... with a slug dart
             ... on level 2 of the Dungeon.
             The game lasted 00:07:07 (2775 turns).

teolandon225 the Sneak (Spriggan Enchanter)         Turns: 2775, Time: 00:07:07

Health: -2/17      AC:  2    Str:  4    XL:     3   Next: 80%
Magic:  4/8        EV: 19    Int: 16    God:
Gold:   52         SH:  0    Dex: 17    Spells: 5/8 levels left

rFire    . . .     SeeInvis +   a - +1 dagger
rCold    . . .     Faith    .   (shield restricted)
rNeg     . . .     Spirit   .   b - +0 robe
rPois    .         Reflect  .   (helmet restricted)
rElec    .         Harm     .   (no cloak)
rCorr    .         Rampage  .   (gloves unavailable)
Will     .....                  (boots unavailable)
Stlth    +++.......             (no amulet)
HPRegen  0.05/turn              (no ring)
MPRegen  0.11/turn              (no ring)

@: very quick
A: very small, unfitting armour, see invisible, speed 3
a: no special abilities


You were on level 2 of the Dungeon.
You visited 1 branch of the dungeon, and saw 2 of its levels.

You collected 52 gold pieces.

Inventory:

Hand Weapons
 a - a +1 dagger (weapon)
Armour
 b - a +0 robe (worn)
 h - a +0 robe
Jewellery
 c - an uncursed amulet of faith
 d - an uncursed amulet of inaccuracy
 f - an uncursed ring of magical power {unknown}
Scrolls
 e - 2 scrolls of identify {unknown}
 j - 3 scrolls of blinking {unknown}
Potions
 g - a potion of attraction {unknown}
 i - a potion of berserk rage {unknown}


   Skills:
 + Level 0.4 Fighting
 * Level 2.2 Short Blades
 + Level 3.5 Dodging
 * Level 5.3 Stealth
 + Level 3.1 Spellcasting
 + Level 4.0 Hexes


You had 5 spell levels left.
You knew the following spells:

 Your Spells              Type           Power        Failure   Level
a - Corona                Hex            16%          3%          1
b - Ensorcelled Hibernat  Hex/Ice        16%          12%         2

Your spell library contained the following spells:

 Spells                   Type           Power        Failure   Level
 Confusing Touch          Hex            15%          11%         3
 Tukima's Dance           Hex            15%          11%         3
 Dazzling Flash           Conj/Hex       16%          24%         3


Dungeon Overview and Level Annotations

Branches:
Dungeon (2/15)

Altars:

Annotations:
D:1 exclusion: downstairs


Innate Abilities, Weirdness & Mutations

You are very small and have problems with some larger weapons.
You are too small for most types of armour.
You have supernaturally acute eyesight. (SInv)
You cover ground extremely quickly.


Message History

Press: ? - help, Q - select action, (/) - cycle Shift-Dir - straight line, f - dart slug
Aim: a dart slug (heavily wounded, not susceptible)
The dart slug is unaffected.
This spell is extremely dangerous to cast!
Memorise Confusing Touch, consuming 3 spell levels and leaving 2?
The dart slug launches a dart at you.
Your memorisation is interrupted.
The slug dart hits you. The dart slug launches a dart at you.
The slug dart hits you.
You hit the dart slug.
The dart slug is heavily wounded.
The dart slug bites you.
* * * LOW HITPOINT WARNING * * *
You hit the dart slug.
The dart slug is severely wounded.
You hit the dart slug but do no damage.
The dart slug is severely wounded.
The dart slug launches a dart at you. The slug dart hits you.
You die...

#### #.....##....# #.
...######.....##....############.
..)'...........'....'....)...^>..
...###########.#....#############
...###########.#....# #......
...........[......### #.#...#
.##............#.## #.#.#.#
.##............#.# #.#.#.#
##############.#@# #.#.#.# .#
#.#w# #.#.#.# .# #.#.###
#####.#.#.# .######## #..†..#
##.......#.# .'......# #.....#
#......###.. .######.## #.....#
#..##### ### .# #..#####.....#
#..# .# ##..(........# #..# .#
#...........###..#


You could see a dart slug.

Vanquished Creatures
  3 adders
  A worm (D:2)
  A dart slug (D:1)
  A giant cockroach (D:1)
  3 goblins
  6 hobgoblins
  A kobold (D:1)
  2 ball pythons
  4 bats
  3 frilled lizards
  5 rats (D:2)
30 creatures vanquished.

Notes
Turn   | Place    | Note
-------+----------+-------------------------------------------
     0 | D:1      | teolandon225 the Spriggan Enchanter began the quest for the
                  | Orb.
     0 | D:1      | Reached XP level 1. HP: 9/9 MP: 5/5
   452 | D:1      | Reached XP level 2. HP: 13/13 MP: 3/6
   499 | D:1      | Learned a level 2 spell: Ensorcelled Hibernation
  1371 | D:1      | Reached skill level 5 in Stealth
  1897 | D:2      | Reached XP level 3. HP: 16/16 MP: 5/8
  2775 | D:2      | Killed from afar by a dart slug

Illustrated notes

Levels and vault maps discovered:
D:1:      elethiomel_arrival_infinity_welcomes_careful_drivers, layout_rooms
D:2:      layout_basic

Skill      XL: |  1  2  3 |
---------------+----------+-----
Stealth        | 5 |  5.3
Spellcasting   | 3 |  3.1
Short Blades   | 2 |  2.2
Hexes          | 4 |  4.0
Fighting       | |  0.4
Dodging        | |  3.5

Action                   || total
-------------------------++-------
Melee: Dagger            ||   152
 Cast: Corona            ||    14
       Ensorcelled Hiber ||    24
  Use: Scroll            ||     4
       Potion            ||     1
 Stab: Sleeping          ||    14
Armor: Robe              ||    20
       Skin              ||     3
Dodge: Dodged            ||   133

Table legend: (Time is in decaauts)
 A = Elapsed time spent in this place.
 B = Non-inter-level travel time spent in this place.
 C = Inter-level travel time spent in this place.
 D = Time resting spent in this place.
 E = Time spent auto-exploring this place.
 F = Levels seen in this place.
 G = Mean time per level.
                   A        B        C        D        E       F      G
               +--------+--------+--------+--------+--------+-----+--------+
         Total |   2262 |   2222 |     40 |    604 |   1050 |   2 | 1131.0 |
       Dungeon |   2262 |   2222 |     40 |    604 |   1050 |   2 | 1131.0 |
               +--------+--------+--------+--------+--------+-----+--------+

Top non-repeatable levels by time:
     D:1: 1483 daAuts
     D:2: 778 daAuts
